 Dungeon Crawl Stone Soup version 0.30-a0-879-ga8ba668304 (webtiles) character file.

Game seed: 15138946659688495770

29 Iich the Trooper (level 3, 29/29 HPs)
             Began as a Demonspawn Fighter on Mar 12, 2023.
             Got out of the dungeon alive.
             The game lasted 00:00:51 (224 turns).

Iich the Trooper (Demonspawn Fighter)                Turns: 224, Time: 00:00:51

Health: 29/29      AC:  6    Str: 16    XL:     3   Next: 1%
Magic:  3/3        EV:  8    Int:  9    God:
Gold:   33         SH:  4    Dex: 14    Spells: 2/2 levels left

rFire   . . .      SeeInvis .    a - +0 war axe
rCold   . . .      Faith    .    c - +0 buckler
rNeg    . . .      Spirit   .    b - +0 scale mail
rPois   .          Reflect  .    (no helmet)
rElec   .          Rampage  .    (no cloak)
rCorr   .                        (no gloves)
Will    .....                    (no boots) Stlth
                                 (no amulet)
HPRegen 0.24/turn                (no ring)
MPRegen 0.08/turn                (no ring)

@: no status effects
A: foul stench 1, weakness stinger 1
a: no special abilities


You escaped.
You visited 1 branch of the dungeon, and saw 1 of its levels.

You collected 33 gold pieces.

Inventory:

Hand Weapons
 a - a +0 war axe (weapon)
Armour
 b - a +0 scale mail (worn)
 c - a +0 buckler (worn)
Scrolls
 f - a scroll of torment {unknown}
Potions
 d - 3 potions of might
 e - a potion of magic {unknown}


   Skills:
 + Level 3.4 Fighting
 * Level 2.8 Axes
 - Level 2.6 Armour
 - Level 2.6 Shields


You had 2 spell levels left.
You didn't know any spells.
Your spell library was empty.

Dungeon Overview and Level Annotations

Branches:
Dungeon (1/15)

Altars:


Innate Abilities, Weirdness & Mutations

You may rarely emit foul miasma when damaged in melee.
You have a small tail.


Message History

You kill the goblin!
The bat hits you but does no damage. The bat barely misses you.
The bat hits you but does no damage.
You miss the bat.
The bat is moderately wounded.
You block the bat's attack. The bat hits you but does no damage. x2
You closely miss the bat.
The bat is moderately wounded.
The bat hits you but does no damage.
You barely miss the bat.
The bat is moderately wounded.
The bat barely misses you. You block the bat's attack.
The bat hits you but does no damage.
You hit the bat.
The bat is heavily wounded.
The bat hits you but does no damage. The bat barely misses you.
You closely miss the bat.
The bat is heavily wounded.
The bat closely misses you. The bat hits you but does no damage. x2
You slash the bat!
You kill the bat!
You have reached level 3!
Your experience leads to an increase in your attributes!
Increase (S)trength, (I)ntelligence, or (D)exterity?
You feel agile. x2
You feel monstrous as your demonic heritage exerts itself.
Your demonic ancestry asserts itself...
You grow a small tail.
You open the large door.
There is a large open door here.
You enter the shallow water.
Moving in this stuff is going to be slow.
You enter the shallow water.
Moving in this stuff is going to be slow.
There is a staircase leading out of the dungeon here.
You enter the shallow water.
Moving in this stuff is going to be slow.
There is a staircase leading out of the dungeon here.
Are you sure you want to leave the Dungeon?
This will make you lose the game!
You have escaped!

#...........#
#...........#
##.......÷÷.##########
........†).8.~~~~~~~~##
.#.......)#.~~~.....~~#
..........#.~~..~~~..~#
..........#.~..~~~~~..#
.#........'.~.~~.).~~.#
.#........'.~..~@~..~.+
..........#.~~...~~.~.+
..........#..~~~~~..~.#
..........#~..~~~..~~.#
..........#~~.....~~~.#
..........##~~~~~~~~.8..
......###..##########...#
......# ##... ...#
......# #..


There were no monsters in sight!

Vanquished Creatures
  A dart slug (D:1)
  3 endoplasms (D:1)
  A giant cockroach (D:1)
  4 goblins (D:1)
  2 hobgoblins (D:1)
  3 jackals (D:1)
  4 ball pythons (D:1)
  2 bats (D:1)
  2 kobolds (D:1)
  3 rats (D:1)
25 creatures vanquished.

Notes
Turn   | Place    | Note
-------+----------+-------------------------------------------
     0 | D:1      | Iich the Demonspawn Fighter began the quest for the Orb.
     0 | D:1      | Reached XP level 1. HP: 18/18 MP: 1/1
    38 | D:1      | Gained mutation: You may rarely emit foul miasma when
                  | damaged in melee. [demonic ancestry]
    38 | D:1      | Reached XP level 2. HP: 22/24 MP: 2/2
   186 | D:1      | Discovered your monstrous ancestry.
   186 | D:1      | Gained mutation: You have a small tail. [demonic ancestry]
   186 | D:1      | Reached XP level 3. HP: 29/29 MP: 3/3
   224 | D:$      | Got out of the dungeon alive.

Illustrated notes

Levels and vault maps discovered:
D:1:      psy_arrival_whirlpool, layout_rooms, nrook_mini_backslash

Skill      XL: |  1 |
---------------+----+-----
Axes           | 2 |  2.8
Fighting       | |  3.4
Armour         | |  2.6
Shields        | |  2.6

Action                     || total
---------------------------++-------
  Melee: War axe           ||    46
 Armour: Scale mail        ||    30
  Dodge: Dodged            ||    29
  Block: Buckler           ||    14

Table legend: (Time is in decaauts)
 A = Elapsed time spent in this place.
 B = Non-inter-level travel time spent in this place.
 C = Inter-level travel time spent in this place.
 D = Time resting spent in this place.
 E = Time spent auto-exploring this place.
 F = Levels seen in this place.
 G = Mean time per level.
                   A        B        C        D        E       F      G
               +--------+--------+--------+--------+--------+-----+--------+
         Total |    246 |    246 |      0 |      0 |     98 |   1 |  246.0 |
       Dungeon |    246 |    246 |      0 |      0 |     98 |   1 |  246.0 |
               +--------+--------+--------+--------+--------+-----+--------+

Top non-repeatable levels by time:
     D:1: 246 daAuts
